 Dungeon Crawl Stone Soup version 0.32-a0-673-g3729bd50f8 (webtiles) character file.

Game seed: 14469504600951180918

174 ragingrage the Cutter (level 5, 0/26 HPs)
             Began as a Kobold Shapeshifter on Mar 10, 2024.
             Was a Believer of Lugonu.
             Succumbed to a water moccasin's poison
             ... on level 3 of the Dungeon.
             The game lasted 00:03:01 (2561 turns).

ragingrage the Cutter (Kobold Shapeshifter)         Turns: 2561, Time: 00:03:01

Health: 0/26       AC:  2    Str: 11    XL:     5   Next: 84%
Magic:  5/5        EV: 15    Int: 15    God:    Lugonu [**....]
Gold:   127        SH:  0    Dex: 15    Spells: 4/4 levels left

rFire   . . .        e - +0 dagger (speed)
rCold   . . .        (no shield)
rNeg    . . .        a - +0 animal skin
rPois   .            (helmet currently unavailable)
rElec   .            (cloak currently unavailable)
rCorr   .            (gloves currently unavailable)
SInv    .            (boots currently unavailable)
Will    .....        (no amulet)
Stlth   +++          (no ring)
HPRegen 0.24/turn    (no ring)
MPRegen 0.09/turn

%: no passive effects
@: lethally poisoned (0 -> -2), beast-form
A: beast (slay +1), small, no large weapons, nightstalker 3, horns 1, clever 1,
frail 1
a: Begin Untransformation, Renounce Religion, Depart the Abyss, Banish


You were on level 3 of the Dungeon.
You worshipped Lugonu.
Lugonu was pleased with you.
You were a hulking beast.
You visited 1 branch of the dungeon, and saw 4 of its levels.

You collected 127 gold pieces.

Inventory:

Hand Weapons
 e - a +0 dagger of speed (weapon)
Missiles
 b - 13 poisoned darts (quivered)
Armour
 a - a +0 animal skin (worn)
Talismans
 c - a beast talisman (active)
 d - a flux talisman
Scrolls
 f - a scroll of enchant weapon
 h - a scroll of enchant armour
 k - a scroll of blinking


   Skills:
 - Level 1.1 Fighting
 + Level 5.6 Short Blades
 - Level 2.4 Dodging
 - Level 3.0 Stealth
 - Level 3.2 Unarmed Combat
 + Level 0.5 Invocations
 - Level 3.0 Shapeshifting


You had 4 spell levels left.
You didn't know any spells.
Your spell library contained the following spells:

 Spells                   Type           Power      Damage    Failure   Level
 Summon Ice Beast         Ice/Summ       0%         N/A       63%         3
 Summon Mana Viper        Hex/Summ       0%         N/A       100%        5
 Monstrous Menagerie      Summ           0%         N/A       100%        7


Dungeon Overview and Level Annotations

Branches:
Dungeon (4/15)
 Temple: D:4-7

Altars:
Fedhas
Lugonu

Shops:
D:1 (   D:2 !

Annotations:
D:2 Sigmund


Innate Abilities, Weirdness & Mutations

You are a hulking beast.
Your limbs bulge with bestial killing power. (Slay +1)
You are small and have problems with some larger weapons.
You are completely attuned to the shadows.
You have a pair of small horns on your head.
Your mind is acute. (Int +4, Str/Dex -1)
You are frail. (-10% HP)


Message History

a +0 dagger; a +0 ring mail A goblin comes into view.
It is wielding a +0 club.
A goblin is nearby!
A goblin is nearby!
The helpless goblin fails to defend itself.
You impale the goblin!!
You kill the goblin!
Lugonu accepts your kill. As you open the door, it creaks loudly!
You hear an angry hiss.
No target in view!
A water moccasin comes into view.
There is an open door here.
You hit the water moccasin but do no damage.
Your headbutt misses the water moccasin.
The water moccasin barely misses you.
Okay, then.
You aren't carrying any potions.
Unknown command.
As you read the scroll labelled ULAPURCH WEAV, it crumbles to dust.
You feel strangely unstable.
It was a scroll of teleportation.
The water moccasin bites you. The water moccasin bites you!
You are lethally poisoned!
The water moccasin poisons you!
There is an open door here.
Your surroundings suddenly seem different.
You feel very sick.
You aren't carrying any potions.
You feel very sick.
* * * LOW HITPOINT WARNING * * *
You feel sick.
* * * LOW HITPOINT WARNING * * *
You feel sick.
* * * LOW HITPOINT WARNING * * *
You feel sick.
* * * LOW HITPOINT WARNING * * *
You feel sick.
* * * LOW HITPOINT WARNING * * *
You feel sick.
You die...

########### ## #.........#
#. ...######.# #. ...### #.#
#. .....## #.# ########
####### #.
......###.###......# #.....#
#.
...................###.....#
#.
...######.##....h..........#
#.
...######.###..<##)###.....#
#. ..........# #..###.#
#.....# #. ....#######
#..###.#####.#### ## ....#
#......#........# ....#
##+#####.###.##.# ...## ..#
#.# #.##.# #.#### ...# #)#
#.##.# #.##.##
....##.###....#


There were no monsters in sight!

Vanquished Creatures
  2 hounds
  An orc priest (D:3)
  3 adders
  A dart slug (D:1)
  4 orcs
  5 ball pythons
  3 bats
  3 endoplasms
  A giant cockroach (D:2)
  9 goblins
  2 hobgoblins (D:2)
  A jackal (D:2)
  5 kobolds
  A quokka (D:4)
  2 frilled lizards (D:1)
  3 rats
46 creatures vanquished.

Notes
Turn   | Place    | Note
-------+----------+-------------------------------------------
     0 | D:1      | ragingrage the Kobold Shapeshifter began the quest for the
                  | Orb.
     0 | D:1      | Reached XP level 1. HP: 12/12 MP: 1/1
   121 | D:1      | Found Caeczas's Antique Weapon Emporium.
   145 | D:1      | Reached skill level 1 in Short Blades
   145 | D:1      | Reached XP level 2. HP: 10/16 MP: 2/2
   179 | D:1      | Found a faded altar of an unknown god.
   485 | D:1      | Reached skill level 2 in Short Blades
   726 | D:1      | Prayed at the altar of an unknown god.
   726 | D:1      | Became a worshipper of Lugonu the Unformed
   726 | D:1      | Reached * piety under Lugonu
   816 | D:2      | Gained mutation: You are frail. (-10% HP) [potion of
                  | mutation]
   816 | D:2      | Gained mutation: Your mind is acute. (Int +4, Str/Dex -1)
                  | [potion of mutation]
   816 | D:2      | Gained mutation: You have a pair of small horns on your
                  | head. [potion of mutation]
   827 | D:2      | Reached skill level 3 in Short Blades
   827 | D:2      | Reached XP level 3. HP: 6/18 MP: 3/3
  1057 | D:2      | Noticed Sigmund
  1267 | D:2      | Found Quokoxzi's Distillery.
  1315 | D:2      | Reached skill level 4 in Short Blades
  1315 | D:2      | Reached XP level 4. HP: 16/22 MP: 4/4
  1887 | D:4      | Reached skill level 1 in Stealth
  1925 | D:4      | Found a blossoming altar of Fedhas.
  1974 | D:3      | Reached skill level 5 in Short Blades
  1974 | D:3      | Reached XP level 5. HP: 8/26 MP: 5/5
  2076 | D:3      | Reached ** piety under Lugonu
  2549 | D:3      | Noticed a water moccasin
  2560 | D:3      | HP: 1/26 [poisoned by a water moccasin]
  2561 | D:3      | Succumbed to a water moccasin's poison

Illustrated notes

Levels and vault maps discovered:
D:1:      psy_arrival_conway, layout_basic, basic_ecumenical_altar,
          serial_shops, shop
D:2:      cheibrodos_greedy_goblins, layout_loops_ring, serial_shops, shop,
          uniq_sigmund, uniq_terence
D:3:      layout_loops_corners
D:4:      layout_basic, fedhas_altar_3, nzn_hepliaklqana_mist_gate,
          lemuel_coloured_pillars_altar, portal_sewer_entry_a,
          ebering_ghost_reflecting_pool, chequers_serial_rivers_micro_b

Skill      XL: |  1  2  3  4  5 |
---------------+----------------+-----
Short Blades   | 1 3 4 5 |  5.6
Stealth        | 2 3 |  3.0
Fighting       | |  1.1
Dodging        | |  2.4
Unarmed Combat | |  3.2
Invocations    | |  0.5
Shapeshifting  | |  3.0

Action                     |  1- 3 |  4- 6 || total
---------------------------+-------+-------++-------
  Melee: Unarmed           |    47 |     3 ||    50
         Dagger            |    11 |    68 ||    79
         Punch             |     1 |       ||     1
         Headbutt          |     2 |    10 ||    12
    Use: Potion            |     3 |       ||     3
         Scroll            |       |     5 ||     5
   Stab: Sleeping          |     4 |     6 ||    10
         Distracted        |     1 |     1 ||     2
 Armour: Animal skin       |    24 |    21 ||    45
         Skin              |     3 |       ||     3
  Dodge: Dodged            |    43 |    48 ||    91

Table legend: (Time is in decaauts)
 A = Elapsed time spent in this place.
 B = Non-inter-level travel time spent in this place.
 C = Inter-level travel time spent in this place.
 D = Time resting spent in this place.
 E = Time spent auto-exploring this place.
 F = Levels seen in this place.
 G = Mean time per level.
                   A        B        C        D        E       F      G
               +--------+--------+--------+--------+--------+-----+--------+
         Total |   2523 |   2404 |    119 |    401 |   1582 |   4 |  630.8 |
       Dungeon |   2523 |   2404 |    119 |    401 |   1582 |   4 |  630.8 |
               +--------+--------+--------+--------+--------+-----+--------+

Top non-repeatable levels by time:
     D:1: 894 daAuts
     D:3: 813 daAuts
     D:2: 557 daAuts
     D:4: 258 daAuts
